 Dungeon Crawl Stone Soup version 0.25-a0-972-g74ed164fb1 (webtiles) character file.

Game seed: 11964846285846250444, levelgen mode: deterministic

23 Maedhros the Sneak (level 3, -1/23 HPs)
             Began as an Octopode Artificer on May 9, 2020.
             Slain by a goblin
             ... wielding a +0 club
              (5 damage)
             ... on level 3 of the Dungeon.
             The game lasted 00:00:29 (85 turns).

Maedhros the Sneak (Octopode Artificer)               Turns: 85, Time: 00:00:30

Health: -1/23      AC:  1    Str: 11    XL:     3   Next: 0%
Magic:  5/5        EV: 13    Int: 13    God:
Gold:   0          SH:  0    Dex: 13    Spells: 2/2 levels left

rFire    . . .     SeeInvis .   e - +2 dagger (protect)
rCold    . . .     Gourm    .   (no shield)
rNeg     . . .     Faith    .   (helmet restricted)
rPois    .         Spirit   .   (no amulet)
rElec    .         Reflect  .   (no ring)
rCorr    .         Harm     .   (no ring)
MR       .....                  (no ring)
Stlth    +++.......             (no ring)
HPRegen  0.07/turn              (no ring)
MPRegen  0.09/turn              (no ring)
                                (no ring)
                                (no ring)

@: no status effects
A: almost no armour, stealthy swim, amphibious, 8 rings, constrict 8, camouflage
1, gelatinous body 1
a: no special abilities


You were on level 3 of the Dungeon.
You were not hungry.

You visited 1 branch of the dungeon, and saw 3 of its levels.

Inventory:

Hand Weapons
 a - a +0 short sword
 e - a +2 dagger of protection (weapon)
Wands
 b - a wand of flame (15)
 c - a wand of enslavement (15)
 d - a wand of random effects (15)
Comestibles
 f - a ration


   Skills:
 - Level 1.0 Fighting
 - Level 1.0 Short Blades
 - Level 2.0 Dodging
 - Level 4.0 Stealth
 + Level 0.4 Unarmed Combat
 - Level 3.2 Evocations


You had 2 spell levels left.
You didn't know any spells.
Your spell library was empty.

Dungeon Overview and Level Annotations

Branches:
Dungeon (3/15)

Altars:
Trog


Innate Abilities, Weirdness & Mutations

You cannot wear most types of armour.
You are very stealthy in the water. (Stealth+)
You are amphibious.
You can wear up to eight rings at the same time.
You can use your tentacles to constrict eight enemies at once.
Your skin changes colour to match your surroundings (Stealth+).
Your rubbery body absorbs attacks. (AC +1, EV +1)


Message History

Your weapon exudes an aura of protection.
The ooze is lightly wounded.
You hear an angry hiss.
You hear a shout! x4
You hit the ooze.
Your tentacle-slap misses the ooze.
The ooze is moderately wounded.
You hear a shout!
The ooze hits you but does no damage.
You hit the ooze.
The ooze is heavily wounded.
The ooze hits you.
* * * LOW HITPOINT WARNING * * *
An orc comes into view. It is wielding a +0 flail.
You see here an adder corpse.
An orc wizard comes into view. It is wielding a +0 dagger.
There is a stone staircase leading up here.
A goblin comes into view. It is wielding a +0 club.
Found a stone staircase leading down.
The goblin shouts!
The goblin hits you with a +0 club.
You die...

#...)......#
#..........#
##....>wo...#
........l...#
...######†l.#
###o## #.J#
##.####
#.@g.#
#...###.#
###. .. ##
... #.# .


You could see an ooze, 2 orcs, a goblin and a frilled lizard.

Vanquished Creatures
  2 adders
  A bat (D:2)
  A goblin (D:2)
  A hobgoblin (D:2)
  A ball python (D:2)
6 creatures vanquished.

Notes
Turn   | Place    | Note
-------+----------+-------------------------------------------
     0 | D:1      | Maedhros the Octopode Artificer began the quest for the
                  | Orb.
     0 | D:1      | Reached XP level 1. HP: 13/13 MP: 3/3
    37 | D:2      | Found a bloodstained altar of Trog.
    45 | D:2      | Reached skill level 2 in Stealth
    53 | D:2      | Reached skill level 3 in Stealth
    53 | D:2      | Reached XP level 2. HP: 11/18 MP: 4/4
    70 | D:3      | Reached skill level 4 in Stealth
    70 | D:3      | Reached XP level 3. HP: 9/23 MP: 5/5
    85 | D:3      | Slain by a goblin

Illustrated notes

Levels and vault maps discovered:
D:1:      heliophobic_arrival_battle_scene, layout_basic
D:2:      layout_loops_ring, bloody_trog, serial_bayou_lagoon_a
D:3:      layout_rooms, makhleb_altar_promises_db, first_ration

Skill      XL: |  1  2 |
---------------+-------+-----
Stealth        | 3 4 |  4.0
Fighting       | |  1.0
Short Blades   | |  1.0
Dodging        | |  2.0
Unarmed Combat | |  0.4
Evocations     | |  3.2

Action                   || total
-------------------------++-------
Melee: Dagger            ||    15
       Constrict         ||     5
       Tentacles         ||     4
       Short sword       ||     2
 Stab: Sleeping          ||     1
Armor: Skin              ||     8
Dodge: Dodged            ||     6

Table legend:
 A = Non-vault XP
 B = Vault XP
 C = Vault XP percentage of total XP
 D = Non-vault monster count
 E = Vault monster count
 F = Vault count percentage of total count
                 A         B        C        D         E       F
            +---------+---------+-------+---------+---------+-------
      Total |      34 |       0 |   0.0 |       6 |       0 |   0.0
            +---------+---------+-------+---------+---------+-------
        D:2 |      20 |       0 |   0.0 |       5 |       0 |   0.0
        D:3 |      14 |       0 |   0.0 |       1 |       0 |   0.0
            +---------+---------+-------+---------+---------+-------
